 Dungeon Crawl Stone Soup version bcrawl-1.13.1 (webtiles) character file.

Game seed: 8302936919625769442

34 Revguard the Sneak (level 3, -9/26 HPs)
             Began as a Demonspawn Archaeologist on Aug 2, 2019.
             Mangled by Crazy Yiuf
             ... wielding a +4 quarterstaff of chaos
              (11 damage)
             ... on level 2 of the Dungeon.
             The game lasted 00:02:54 (1139 turns).

Revguard the Sneak (Demonspawn Archaeologist)       Turns: 1139, Time: 00:02:54

Health: -9/26      AC:  8    Str: 10 (11) XL:     3   Next: 14%
Magic:  0/3        EV: 13    Int: 14 (15) God:
Gold:   130        SH:  0    Dex: 14      Spells: 2/2 levels left

rFire    . . .     SeeInvis .   t - +1 mace (crush)
rCold    + . .     Gourm    .   (no shield)
rNeg     . . .     Faith    .   b - +1 robe
rPois    .         Spirit   +   c - +1 hat
rElec    .         Reflect  .   q - +0 cloak
rCorr    .         Harm     .   (no gloves)
MR       .....                  i - +2 pair of boots {Stlth++}
Stlth    ++++......             o - amulet of the acrobat
HPRegen  0.08/turn              d - ring of wizardry
MPRegen  0.08/turn              j - ring of protection from cold

@: studying Dodging
A: hooves 1, horns 1, agile 1, deterioration 1, powered by pain 1, magic shield
a: no special abilities


You were on level 2 of the Dungeon.
You were not hungry.

You visited 1 branch of the dungeon, and saw 2 of its levels.

You collected 130 gold pieces.

Inventory:

Hand Weapons
 a - a +1 whip
 p - a +0 mace
 t - a +1 mace of crushing (weapon)
Armour
 b - a +1 robe (worn)
 c - a +1 hat (worn)
 i - a +2 pair of boots of stealth (worn)
 q - a +0 cloak (worn)
Jewellery
 d - a ring of wizardry (left hand)
 j - a ring of protection from cold (right hand)
 o - an amulet of the acrobat (around neck)
Scrolls
 h - a scroll of identify
 l - 2 scrolls of enchant armour
 m - a scroll of enchant weapon
Potions
 k - a potion of brilliance
 n - a potion of curing
Books
 e - a manual of Dodging
Miscellaneous
 f - an ancient crate
Comestibles
 g - 2 rations {!d}
 r - 2 chunks of flesh


   Skills:
 + Level 1.0 Fighting
 + Level 1.0 Maces & Flails
 * Level 1.0 Armour
 * Level 3.1 Dodging
 + Level 3.4 Stealth
 * Level 0.8 Evocations


You had 2 spell levels left.
You didn't know any spells.
Your spell library was empty.

Dungeon Overview and Level Annotations

Branches:
Dungeon (2/12)

Altars:

Annotations:
D:2 Crazy Yiuf


Innate Abilities, Weirdness & Mutations

You sometimes gain a little power by taking damage.
When hurt, damage is shared between your health and your magic reserves.
You have large cloven feet.
You have a pair of small horns on your head.
You are agile. (Dex +2)
Your body sometimes deteriorates upon taking damage.


Message History

Crazy Yiuf hits you with a +4 quarterstaff of chaos!
You hit Crazy Yiuf but do no damage. Your headbutt misses Crazy Yiuf.
Crazy Yiuf hits you with a +4 quarterstaff of chaos.
Your body deteriorates!
You feel dopey. Crazy Yiuf burns you.
You closely miss Crazy Yiuf. You headbutt Crazy Yiuf.
Crazy Yiuf is lightly wounded.
Crazy Yiuf hits you but does no damage.
It was a potion of cancellation.
You feel magically purged. Crazy Yiuf closely misses you.
Okay, then.
You hit Crazy Yiuf but do no damage.
Crazy Yiuf is lightly wounded.
Crazy Yiuf hits you with a +4 quarterstaff of chaos.
You closely miss Crazy Yiuf.
Crazy Yiuf is lightly wounded.
Crazy Yiuf hits you with a +4 quarterstaff of chaos!
* * * LOW HITPOINT WARNING * * *
Crazy Yiuf hits you with a +4 quarterstaff of chaos!
You die...

##### ♣♣#### #)..#♣♣
♣♣P.#.##
#.g@'.♣♣♣♣PP....#
#...#♣..♣.♣P)...#
#####♣♣♣.♣..)##.####
♣♣♣♣♣##....##
####... #... .....#.
..####.. ...#


You could see Crazy Yiuf.

Vanquished Creatures
  An ooze (D:2)
  A worm (D:2)
  2 leopard geckos
  3 bats
  A giant cockroach (D:2)
  5 goblins
  4 jackals (D:2)
  2 kobolds
  3 rats (D:1)
  A fungus (D:2)
23 creatures vanquished.

Notes
Turn   | Place    | Note
-------+----------+-------------------------------------------
     0 | D:1      | Revguard the Demonspawn Archaeologist began the quest for
                  | the Orb.
     0 | D:1      | Reached XP level 1. HP: 15/15 MP: 1/1
   202 | D:1      | Gained mutation: You sometimes gain a little power by
                  | taking damage. [demonic ancestry]
   202 | D:1      | Reached XP level 2. HP: 21/21 MP: 2/2
   837 | D:2      | Gained mutation: You have a pair of small horns on your
                  | head. [potion of mutation]
   837 | D:2      | Gained mutation: Your body sometimes deteriorates upon
                  | taking damage. [potion of mutation]
   837 | D:2      | Gained mutation: You are agile. (Dex +2) [potion of
                  | mutation]
   837 | D:2      | Gained mutation: You have large cloven feet. [potion of
                  | mutation]
   846 | D:2      | Reached skill level 1 in Maces & Flails
   928 | D:2      | Reached skill level 1 in Armour
   935 | D:2      | Gained mutation: When hurt, damage is shared between your
                  | health and your magic reserves. [demonic ancestry]
   935 | D:2      | Reached XP level 3. HP: 25/26 MP: 3/3
  1127 | D:2      | Found a runed door.
  1132 | D:2      | Noticed Crazy Yiuf
  1139 | D:2      | Mangled by Crazy Yiuf

Skill      XL: |  1  2 |
---------------+-------+-----
Dodging        | 3 |  3.1
Maces & Flails | 1 |  1.0
Armour         | 1 |  1.0
Fighting       | |  1.0
Stealth        | |  3.4
Evocations     | |  0.8

Action                   || total
-------------------------++-------
Melee: Whip              ||    77
       Mace              ||    19
       Headbutt          ||     6
  Use: Scroll            ||     6
       Potion            ||     2
 Stab: Sleeping          ||     4
  Eat: Chunk             ||     1
Armor: Robe              ||    34
Dodge: Dodged            ||    69
